 Dungeon Crawl Stone Soup version 0.18-a0-1243-g9e52518 (webtiles) character file.

23 M4edhros the Charlatan (level 2, 0/18 HPs)
             Began as an Octopode Artificer on Feb 5, 2016.
             Slain by a jackal (1 damage)
             ... on level 4 of the Dungeon.
             The game lasted 00:01:38 (563 turns).

M4edhros the Charlatan (Octopode Artificer)          Turns: 563, Time: 00:01:38

Health: 0/18       AC:  1    Str: 10    XL:     2   Next: 95%
Magic:  4/4        EV: 12    Int: 14    God:
Gold:   55         SH:  0    Dex: 12    Spells: 0 memorised, 1 level left

rFire  . . .     SeeInvis .     a - +0 short sword
rCold  . . .     Gourm    .     (no shield)
rNeg   . . .     Faith    .     (helmet restricted)
rPois  .         Spirit   .     (no amulet)
rElec  .         Dismiss  .     (no ring)
rCorr  .         Reflect  .     (no ring)
SustAt .         Harm     .     (no ring)
MR     .....                    (no ring)
Stlth  +++.......               (no ring)
                                (no ring)
                                (no ring)
                                (no ring)

@: not resistant to hostile enchantments, fairly stealthy
A: almost no armour, amphibious, 8 rings, constrict 8, camouflage 1, gelatinous
body 1
a: no special abilities


You were on level 4 of the Dungeon.
You were not hungry.

You visited 1 branch of the dungeon, and saw 4 of its levels.

You collected 55 gold pieces.

Inventory:

Hand Weapons
 a - a +0 short sword (weapon)
Missiles
 i - 4 javelins (quivered)
Wands
 b - a wand of flame (14/48)
 c - a wand of enslavement (15/24)
 d - a wand of random effects (15/48)
Scrolls
 g - a scroll of recharging {unknown}
 h - a scroll of noise {unknown}
 m - a scroll of magic mapping {unknown}
Potions
 e - 2 potions of curing {unknown}
 k - a potion of might {unknown}
 l - a potion of flight {unknown}
Comestibles
 f - 3 bread rations
 j - a meat ration
 n - a royal jelly


   Skills:
 - Level 1.0 Fighting
 - Level 1.0 Short Blades
 * Level 2.6 Dodging
 * Level 2.2 Stealth
 + Level 3.7 Evocations


You had one spell level left.
You didn't know any spells.

Dungeon Overview and Level Annotations

Branches:
Dungeon (4/15)
 Temple: D:4-7

Altars:


Innate Abilities, Weirdness & Mutations

You cannot wear most types of armour.
You are amphibious.
You can wear up to eight rings at the same time.
You can use your tentacles to constrict eight enemies at once.
Your skin changes colour to match your surroundings (Stealth).
Your rubbery body absorbs attacks (AC +1).


Message History

The jackal bites you but does no damage.
You closely miss the jackal. Your grab misses the jackal.
The jackal is heavily wounded.
The jackal closely misses you. The jackal barely misses you.
The jackal bites you but does no damage.
The jackal bites you. x2
You miss the jackal. You grab the jackal. You squeeze the jackal.
You kill the jackal!
The jackal bites you. The jackal barely misses you.
The jackal closely misses you.
You closely miss the jackal. You grab the jackal. You constrict the jackal.
The jackal barely misses you. The jackal bites you.
* * * LOW HITPOINT WARNING * * *
You hit the jackal. You grab the jackal. You squeeze the jackal.
The jackal is almost dead.
You constrict the jackal, but do no damage. x2
The jackal bites you.
* * * LOW HITPOINT WARNING * * *
The jackal barely misses you. The jackal bites you.
You die...

. ..# . . .># ### #
#.#.... .# #.##..
#.#.#.#.# $# ##.##.#
.!....##.# #...#.##
#.##..#..#.# #...#<##
#..>.......# #...#.##
#.....h@...# #...#[..
..##...h...######...#.##
#.##...##............ ..
#..[.............. !.#
#.#.##............ .
.....#######...#.##
###.### #...#... #.#
#...#### #. #...#


You could see 2 jackals.

Vanquished Creatures
  An ooze (D:1)
  2 giant cockroaches
  3 goblins
  A hobgoblin (D:1)
  3 jackals
  4 bats
  A giant newt (D:1)
  2 kobolds (D:1)
17 creatures vanquished.

Notes
Turn   | Place    | Note
--------------------------------------------------------------
     0 | D:1      | M4edhros the Octopode Artificer began the quest for the Orb.
     0 | D:1      | Reached XP level 1. HP: 13/13 MP: 3/3
   101 | D:1      | Reached XP level 2. HP: 9/18 MP: 4/4
   563 | D:4      | Slain by a jackal

Vault maps used:
D:1:      eino_arrival_water_cross
D:2:      gammafunk_temple_overflow_statue, fedhas_altar_fruit_tree,
          nicolae_overflow_quartered_altars
D:3:      grunt_dithmenos_smoke, elyvilon_altar_4
D:4:      minmay_mini_ossuary

Action                   || total
-------------------------++-------
Melee: Short sword       ||    35
Throw: Javelin           ||     1
Evoke: Wand              ||     1
 Stab: Sleeping          ||     2
